Predators vs Flames

Created - May 1 2012 at 18:53

Goals
1 2 3 T
Predators 3 2 2 7
Flames 2 1 0 3
Shots
1 2 3 T
Predators 17 14 9 40
Flames 9 5 8 22

Period #1

1. Flames , Ryan Kesler 12 (John-Michael Liles, Jack Johnson) at 3:04 (PP)
2. Flames , Mikael Samuelsson 5 (Ryan Kesler) at 3:35
3. Predators , Zbynek Michalek 2 (Max Pacioretty, Mikhail Grabovski) at 4:06
4. Predators , Jeff Carter 9 (Nicklas Backstrom) at 9:20 (PP)
5. Predators , Jeff Carter 10 (Brent Burns, Nicklas Backstrom) at 18:11 (PP)

Penalties :
Dan Boyle (CGY) for Delaying the game (Minor) at 0:18, Cody Franson (NSH) for Hooking (Minor) at 2:50, John-Michael Liles (CGY) for Holding (Minor) at 6:58, Tomas Kopecky (CGY) for Cross-checking (Minor) at 8:51, Niklas Kronwall (CGY) for Slashing (Double Minor) at 9:47, Brenden Morrow (CGY) for Tripping (Minor) at 15:24, Patric Hornqvist (NSH) for Slashing (Minor) at 15:26, Brenden Morrow (CGY) for Hooking (Minor) at 17:56, Ryan Kesler (CGY) for Roughing (Minor) at 19:25, Tomas Kopecky (CGY) for Roughing (Minor) at 19:32

Period #2

6. Predators , Marian Gaborik 7 (Shea Weber) at 0:11 (PP)
7. Predators , Jeff Carter 11 (Brent Burns, Nicklas Backstrom) at 0:48 (PP)
8. Flames , Ryan Kesler 13 (Brenden Morrow, Jack Johnson) at 3:42 (PP)

Penalties :
Chris Neil (NSH) for Tripping (Minor) at 1:20, Chad LaRose (NSH) for Tripping (Minor) at 1:45, Shawn Horcoff (CGY) for Interference (Minor) at 4:35, Dustin Brown (CGY) for Roughing (Minor) at 10:37, Cody Franson (NSH) for Slashing (Minor) at 12:58, Brenden Morrow (CGY) for Interference (Minor) at 18:17

Period #3

9. Predators , Nicklas Backstrom 5 (Shea Weber, Jeff Carter) at 9:46
10. Predators , Mikhail Grabovski 8 (Brent Burns, Marian Gaborik) at 15:33

Penalties :
Brenden Morrow (CGY) for Holding (Minor) at 15:44

Goalie Stats

Pekka Rinne (NSH), 19 saves from 22 shots - (0.864), W, 10-2-0, 60:00 minutes
Sergei Bobrovsky (CGY), 19 saves from 22 shots - (0.864), 39:49 minutes
Tim Thomas (CGY), 14 saves from 18 shots - (0.778), L, 9-3-1, 20:11 minutes

Players Stats

Predators
Player Name              G  A  P  +/- PIM S  H  SB FO    MP 
------------------------------------------------------------
Braydon Coburn           0  0  0  -1  0   1  0  1  0/0   23 
Brent Burns              0  3  3   2  0   0  0  1  0/0   21 
Chad LaRose              0  0  0   0  2   0  0  0  0/1   6  
Chris Neil               0  0  0  -1  2   1  3  0  1/2   14 
Cody Franson             0  0  0  -1  4   0  0  0  0/0   15 
Francis Bouillon         0  0  0   0  0   0  1  0  0/0   5  
Jeff Carter              3  1  4   1  0   10 1  0  1/3   20 
Marian Gaborik           1  1  2   2  0   4  1  0  0/0   19 
Matt Bradley             0  0  0   1  0   0  0  0  0/0   1  
Max Pacioretty           0  1  1   2  0   2  4  0  1/2   19 
Mikhail Grabovski        1  1  2   2  0   5  0  0  16/34 22 
Nicklas Backstrom        1  3  4   1  0   8  4  0  16/32 22 
Patric Hornqvist         0  0  0   0  2   2  1  0  0/1   21 
Paul Gaustad             0  0  0  -1  0   1  0  0  9/17  16 
Shea Weber               0  2  2   1  0   2  0  0  0/0   24 
Tomas Kaberle            0  0  0   1  0   1  0  0  0/0   19 
Wayne Simmonds           0  0  0  -1  0   1  0  0  0/0   14 
Zbynek Michalek          1  0  1   2  0   2  0  2  0/0   13 
Flames
Player Name              G  A  P  +/- PIM S  H  SB FO    MP 
------------------------------------------------------------
Andrew MacDonald         0  0  0  -1  0   0  1  2  0/0   15 
Anze Kopitar             0  0  0  -1  0   4  2  2  16/35 21 
Brenden Morrow           0  1  1  -1  8   1  1  0  2/4   20 
Dan Boyle                0  0  0  -1  2   1  2  3  0/0   24 
David Jones              0  0  0   0  0   2  1  0  0/0   15 
Devin Setoguchi          0  0  0   0  0   0  0  0  1/1   6  
Dustin Brown             0  0  0  -1  2   1  2  0  0/1   11 
Jack Johnson             0  2  2   0  0   0  0  0  0/0   18 
John-Michael Liles       0  1  1   0  2   0  0  2  0/0   17 
Michael Grabner          0  0  0  -1  0   2  0  0  2/2   12 
Mikael Samuelsson        1  0  1  -1  0   4  0  1  0/2   12 
Niklas Kronwall          0  0  0  -1  4   0  4  0  0/0   17 
Pierre-Marc Bouchard     0  0  0   0  0   1  1  0  0/1   15 
Robyn Regehr             0  0  0   0  0   0  0  1  0/0   11 
Ryan Kesler              2  1  3  -1  2   6  1  1  18/29 22 
Shawn Horcoff            0  0  0   0  2   0  0  1  8/15  15 
Tomas Kopecky            0  0  0   0  4   0  0  0  1/2   9  
Toni Lydman              0  0  0  -1  0   0  0  1  0/0   18 

3 Stars

1 - Jeff Carter (NSH)
2 - Nicklas Backstrom (NSH)
3 - Marian Gaborik (NSH)

Power Play

Predators - 4 on 13 Attempt(s) - 30.77%
Flames - 2 on 5 Attempt(s) - 40.00%

Penalty Kill

Predators - 3 on 5 Attempt(s) - 60.00% - Score 0 goal in Penalty Kill
Flames - 9 on 13 Attempt(s) - 69.23% - Score 0 goal in Penalty Kill

Game Notes

Sergei Bobrovsky enters game at 0:11 of 2nd period
Jeff Carter has scored a Hat Trick!

Finance

Level 1 -- Attendance: 6500 (100.00%) -- Ticket Income $585,000.00
Level 2 -- Attendance: 5000 (100.00%) -- Ticket Income $350,000.00
Level 3 -- Attendance: 3356 (95.89%) -- Ticket Income $167,800.00
Level 4 -- Attendance: 2850 (86.65%) -- Ticket Income $71,250.00
Luxury Box -- Attendance: 1000 (100.00%) -- Ticket Income $200,000.00
Game was played at the ScotiaBank Saddledome
Total Attendance: 18706 (96.98%)
Total Ticket Income: $1,433,304.00
Other Income: $429,991.05
Total Income: $1,863,295.00


Play by Play

Period #1

0:01 of 1st period - Brenden Morrow wins face-off versus Nicklas Backstrom in neutral zone.
0:18 of 1st period - Minor Penalty to Dan Boyle for Delaying the game.
0:19 of 1st period - Anze Kopitar wins face-off versus Mikhail Grabovski in Flames zone.
0:36 of 1st period - Shot by Marian Gaborik.
0:36 of 1st period - Stopped by Tim Thomas without a rebound.
0:37 of 1st period - Ryan Kesler wins face-off versus Nicklas Backstrom in Flames zone.
0:37 of 1st period - Ryan Kesler is hit by Nicklas Backstrom.
0:52 of 1st period - Icing by Jeff Carter.
0:53 of 1st period - Nicklas Backstrom wins face-off versus Anze Kopitar in Predators zone.
1:45 of 1st period - Shot by Marian Gaborik.
1:45 of 1st period - Shot Misses the Net.
1:53 of 1st period - Shot by Max Pacioretty.
1:53 of 1st period - Shot Blocked by Robyn Regehr.
1:55 of 1st period - Shot by Shea Weber.
1:55 of 1st period - Shot Misses the Net.
1:57 of 1st period - Shot by Braydon Coburn.
1:57 of 1st period - Shot Misses the Net.
2:32 of 1st period - David Jones is hit by Chris Neil and loses puck.
2:45 of 1st period - Shot by David Jones.
2:45 of 1st period - Shot Misses the Net.
2:49 of 1st period - Shot by Shawn Horcoff.
2:49 of 1st period - Shot Misses the Net.
2:50 of 1st period - Minor Penalty to Cody Franson for Hooking.
2:51 of 1st period - Ryan Kesler wins face-off versus Nicklas Backstrom in Predators zone.
2:56 of 1st period - Shot by Jack Johnson.
2:56 of 1st period - Shot Blocked by Brent Burns.
2:58 of 1st period - Shot by John-Michael Liles.
2:58 of 1st period - Shot Misses the Net.
3:00 of 1st period - Shot by Ryan Kesler.
3:00 of 1st period - Shot Misses the Net.
3:02 of 1st period - Shot by Ryan Kesler.
3:02 of 1st period - Stopped by Pekka Rinne with a rebound.
3:04 of 1st period - Shot by Ryan Kesler.
3:04 of 1st period - Goal by Ryan Kesler - Predators : 0 - Flames : 1.
3:05 of 1st period - Anze Kopitar wins face-off versus Patric Hornqvist in neutral zone.
3:28 of 1st period - Shot by Shea Weber.
3:28 of 1st period - Stopped by Tim Thomas without a rebound.
3:29 of 1st period - Ryan Kesler wins face-off versus Paul Gaustad in Flames zone.
3:29 of 1st period - Ryan Kesler is hit by Chris Neil.
3:35 of 1st period - Shot by Mikael Samuelsson.
3:35 of 1st period - Goal by Mikael Samuelsson - Predators : 0 - Flames : 2.
3:36 of 1st period - Ryan Kesler wins face-off versus Mikhail Grabovski in neutral zone.
4:04 of 1st period - Shot by Zbynek Michalek.
4:04 of 1st period - Shot Misses the Net.
4:06 of 1st period - Shot by Zbynek Michalek.
4:06 of 1st period - Goal by Zbynek Michalek - Predators : 1 - Flames : 2.
4:07 of 1st period - Shawn Horcoff wins face-off versus Paul Gaustad in neutral zone.
4:42 of 1st period - Off-side.
4:43 of 1st period - Michael Grabner wins face-off versus Nicklas Backstrom in neutral zone.
4:47 of 1st period - Icing by Patric Hornqvist.
4:48 of 1st period - Nicklas Backstrom wins face-off versus Anze Kopitar in Predators zone.
4:58 of 1st period - Shot by Michael Grabner.
4:58 of 1st period - Stopped by Pekka Rinne without a rebound.
4:59 of 1st period - Ryan Kesler wins face-off versus Mikhail Grabovski in Predators zone.
5:00 of 1st period - Shot by Brenden Morrow.
5:00 of 1st period - Shot Blocked by Zbynek Michalek.
5:04 of 1st period - Shot by Ryan Kesler.
5:04 of 1st period - Shot Blocked by Zbynek Michalek.
5:06 of 1st period - Shot by Mikael Samuelsson.
5:06 of 1st period - Deflect By Brenden Morrow.
5:06 of 1st period - Shot Misses the Net.
5:08 of 1st period - Shot by Ryan Kesler.
5:08 of 1st period - Deflect By Mikael Samuelsson.
5:08 of 1st period - Stopped by Pekka Rinne without a rebound.
5:09 of 1st period - Nicklas Backstrom wins face-off versus Anze Kopitar in Predators zone.
6:17 of 1st period - Shot by Ryan Kesler.
6:17 of 1st period - Deflect By Mikael Samuelsson.
6:17 of 1st period - Shot Misses the Net.
6:19 of 1st period - Shot by Ryan Kesler.
6:19 of 1st period - Shot Misses the Net.
6:21 of 1st period - Shot by Mikael Samuelsson.
6:21 of 1st period - Stopped by Pekka Rinne without a rebound.
6:22 of 1st period - Paul Gaustad wins face-off versus Shawn Horcoff in Predators zone.
6:58 of 1st period - Minor Penalty to John-Michael Liles for Holding.
6:59 of 1st period - Mikhail Grabovski wins face-off versus Anze Kopitar in Flames zone.
7:07 of 1st period - Icing by Max Pacioretty.
7:08 of 1st period - Mikhail Grabovski wins face-off versus Anze Kopitar in Predators zone.
7:31 of 1st period - Shot by Max Pacioretty.
7:31 of 1st period - Stopped by Tim Thomas without a rebound.
7:32 of 1st period - Nicklas Backstrom wins face-off versus Ryan Kesler in Flames zone.
8:50 of 1st period - Shea Weber is hit by Anze Kopitar and loses puck.
8:51 of 1st period - Minor Penalty to Tomas Kopecky for Cross-checking.
8:52 of 1st period - Anze Kopitar wins face-off versus Nicklas Backstrom in Flames zone.
9:03 of 1st period - Shot by Jeff Carter.
9:03 of 1st period - Stopped by Tim Thomas without a rebound.
9:04 of 1st period - Anze Kopitar wins face-off versus Nicklas Backstrom in Flames zone.
9:15 of 1st period - Dan Boyle is hit by Nicklas Backstrom and loses puck.
9:20 of 1st period - Shot by Jeff Carter.
9:20 of 1st period - Goal by Jeff Carter - Predators : 2 - Flames : 2.
9:21 of 1st period - Shawn Horcoff wins face-off versus Chris Neil in neutral zone.
9:38 of 1st period - Shot by Zbynek Michalek.
9:38 of 1st period - Stopped by Tim Thomas without a rebound.
9:39 of 1st period - Mikhail Grabovski wins face-off versus Ryan Kesler in Flames zone.
9:47 of 1st period - Double Minor Penalty to Niklas Kronwall for Slashing.
9:48 of 1st period - Ryan Kesler wins face-off versus Mikhail Grabovski in Flames zone.
9:59 of 1st period - Shot by Marian Gaborik.
9:59 of 1st period - Stopped by Tim Thomas with a rebound.
10:33 of 1st period - Ryan Kesler is hit by Nicklas Backstrom.
11:09 of 1st period - Shot by Zbynek Michalek.
11:09 of 1st period - Shot Blocked by Dan Boyle.
11:11 of 1st period - Shot by Mikhail Grabovski.
11:11 of 1st period - Stopped by Tim Thomas without a rebound.
11:12 of 1st period - Jeff Carter wins face-off versus Ryan Kesler in Flames zone.
11:15 of 1st period - Shot by Jeff Carter.
11:15 of 1st period - Stopped by Tim Thomas without a rebound.
11:16 of 1st period - Ryan Kesler wins face-off versus Mikhail Grabovski in Flames zone.
11:43 of 1st period - Dan Boyle is hit by Max Pacioretty and loses puck.
11:57 of 1st period - Off-side.
11:58 of 1st period - Ryan Kesler wins face-off versus Nicklas Backstrom in neutral zone.
12:20 of 1st period - Shot by Jeff Carter.
12:20 of 1st period - Deflect By Nicklas Backstrom.
12:20 of 1st period - Stopped by Tim Thomas without a rebound.
12:21 of 1st period - Mikhail Grabovski wins face-off versus Anze Kopitar in Flames zone.
12:55 of 1st period - Shot by Ryan Kesler.
12:55 of 1st period - Stopped by Pekka Rinne without a rebound.
12:56 of 1st period - Nicklas Backstrom wins face-off versus Anze Kopitar in Predators zone.
13:10 of 1st period - Shot by Brent Burns.
13:10 of 1st period - Shot Blocked by Anze Kopitar.
13:48 of 1st period - Shot by Max Pacioretty.
13:48 of 1st period - Stopped by Tim Thomas without a rebound.
13:49 of 1st period - Shawn Horcoff wins face-off versus Paul Gaustad in Flames zone.
13:56 of 1st period - Cody Franson is hit by Pierre-Marc Bouchard and loses puck.
15:24 of 1st period - Minor Penalty to Brenden Morrow for Tripping.
15:25 of 1st period - Ryan Kesler wins face-off versus Nicklas Backstrom in Flames zone.
15:25 of 1st period - Andrew MacDonald is hit by Jeff Carter and loses puck.
15:26 of 1st period - Minor Penalty to Patric Hornqvist for Slashing.
15:27 of 1st period - Michael Grabner wins face-off versus Jeff Carter in Predators zone.
15:32 of 1st period - Shot by Anze Kopitar.
15:32 of 1st period - Stopped by Pekka Rinne with a rebound.
15:34 of 1st period - Shot by Niklas Kronwall.
15:34 of 1st period - Shot Misses the Net.
15:54 of 1st period - Shot by Jeff Carter.
15:54 of 1st period - Stopped by Tim Thomas with a rebound.
16:04 of 1st period - Shot by Jeff Carter.
16:04 of 1st period - Shot Misses the Net.
16:55 of 1st period - Shot by Brent Burns.
16:55 of 1st period - Shot Misses the Net.
16:59 of 1st period - Shot by Nicklas Backstrom.
16:59 of 1st period - Stopped by Tim Thomas with a rebound.
17:01 of 1st period - Shot by Nicklas Backstrom.
17:01 of 1st period - Stopped by Tim Thomas without a rebound.
17:02 of 1st period - Anze Kopitar wins face-off versus Mikhail Grabovski in Flames zone.
17:38 of 1st period - Icing by Max Pacioretty.
17:39 of 1st period - Max Pacioretty wins face-off versus Anze Kopitar in Predators zone.
17:52 of 1st period - Shot by Michael Grabner.
17:52 of 1st period - Stopped by Pekka Rinne without a rebound.
17:53 of 1st period - Mikhail Grabovski wins face-off versus Brenden Morrow in Predators zone.
17:53 of 1st period - Mikhail Grabovski is hit by Ryan Kesler.
17:56 of 1st period - Minor Penalty to Brenden Morrow for Hooking.
17:57 of 1st period - Nicklas Backstrom wins face-off versus Ryan Kesler in Flames zone.
18:03 of 1st period - Shot by Patric Hornqvist.
18:03 of 1st period - Stopped by Tim Thomas with a rebound.
18:05 of 1st period - Shot by Brent Burns.
18:05 of 1st period - Shot Misses the Net.
18:07 of 1st period - Shot by Nicklas Backstrom.
18:07 of 1st period - Shot Blocked by Toni Lydman.
18:11 of 1st period - Shot by Jeff Carter.
18:11 of 1st period - Goal by Jeff Carter - Predators : 3 - Flames : 2.
18:12 of 1st period - Shawn Horcoff wins face-off versus Paul Gaustad in neutral zone.
18:27 of 1st period - Off-side.
18:28 of 1st period - Brenden Morrow wins face-off versus Mikhail Grabovski in neutral zone.
18:51 of 1st period - Shot by Mikael Samuelsson.
18:51 of 1st period - Shot Misses the Net.
19:00 of 1st period - Mikhail Grabovski is hit by Niklas Kronwall and loses puck.
19:08 of 1st period - Mikhail Grabovski is hit by Niklas Kronwall and loses puck.
19:25 of 1st period - Minor Penalty to Ryan Kesler for Roughing.
19:26 of 1st period - Anze Kopitar wins face-off versus Max Pacioretty in Flames zone.
19:32 of 1st period - Minor Penalty to Tomas Kopecky for Roughing.
19:33 of 1st period - Nicklas Backstrom wins face-off versus Anze Kopitar in Flames zone.

Period #2

0:01 of 2nd period - Devin Setoguchi wins face-off versus Mikhail Grabovski in neutral zone.
0:11 of 2nd period - Shot by Marian Gaborik.
0:11 of 2nd period - Goal by Marian Gaborik - Predators : 4 - Flames : 2.
0:11 of 2nd period - Sergei Bobrovsky enters game.
0:12 of 2nd period - Anze Kopitar wins face-off versus Nicklas Backstrom in neutral zone.
0:41 of 2nd period - Jeff Carter is hit by Dan Boyle and loses puck.
0:44 of 2nd period - Shot by Jeff Carter.
0:44 of 2nd period - Shot Blocked by Dan Boyle.
0:48 of 2nd period - Shot by Jeff Carter.
0:48 of 2nd period - Goal by Jeff Carter - Predators : 5 - Flames : 2.
0:49 of 2nd period - Shawn Horcoff wins face-off versus Paul Gaustad in neutral zone.
0:56 of 2nd period - Shot by Pierre-Marc Bouchard.
0:56 of 2nd period - Stopped by Pekka Rinne without a rebound.
0:57 of 2nd period - Ryan Kesler wins face-off versus Mikhail Grabovski in Predators zone.
1:02 of 2nd period - Shot by Ryan Kesler.
1:02 of 2nd period - Stopped by Pekka Rinne without a rebound.
1:03 of 2nd period - Chris Neil wins face-off versus Shawn Horcoff in Predators zone.
1:03 of 2nd period - Chris Neil is hit by David Jones.
1:20 of 2nd period - Minor Penalty to Chris Neil for Tripping.
1:21 of 2nd period - Anze Kopitar wins face-off versus Chad LaRose in Predators zone.
1:45 of 2nd period - Minor Penalty to Chad LaRose for Tripping.
1:46 of 2nd period - Ryan Kesler wins face-off versus Jeff Carter in Predators zone.
2:08 of 2nd period - Icing by John-Michael Liles.
2:09 of 2nd period - Nicklas Backstrom wins face-off versus Brenden Morrow in Flames zone.
2:12 of 2nd period - Shot by Nicklas Backstrom.
2:12 of 2nd period - Shot Blocked by John-Michael Liles.
2:53 of 2nd period - Icing by Anze Kopitar.
2:54 of 2nd period - Anze Kopitar wins face-off versus Nicklas Backstrom in Flames zone.
3:42 of 2nd period - Shot by Ryan Kesler.
3:42 of 2nd period - Goal by Ryan Kesler - Predators : 5 - Flames : 3.
3:43 of 2nd period - Shawn Horcoff wins face-off versus Mikhail Grabovski in neutral zone.
3:45 of 2nd period - John-Michael Liles is hit by Francis Bouillon and loses puck.
3:57 of 2nd period - Off-side.
3:58 of 2nd period - Ryan Kesler wins face-off versus Paul Gaustad in neutral zone.
4:11 of 2nd period - Ryan Kesler is hit by Chris Neil and loses puck.
4:20 of 2nd period - Shot by Wayne Simmonds.
4:20 of 2nd period - Shot Misses the Net.
4:22 of 2nd period - Shot by Braydon Coburn.
4:22 of 2nd period - Shot Misses the Net.
4:24 of 2nd period - Shot by Braydon Coburn.
4:24 of 2nd period - Stopped by Sergei Bobrovsky without a rebound.
4:25 of 2nd period - Shawn Horcoff wins face-off versus Mikhail Grabovski in Flames zone.
4:30 of 2nd period - Shot by David Jones.
4:30 of 2nd period - Shot Misses the Net.
4:35 of 2nd period - Minor Penalty to Shawn Horcoff for Interference.
4:36 of 2nd period - Anze Kopitar wins face-off versus Nicklas Backstrom in Flames zone.
4:51 of 2nd period - Shot by Patric Hornqvist.
4:51 of 2nd period - Stopped by Sergei Bobrovsky without a rebound.
4:52 of 2nd period - Anze Kopitar wins face-off versus Mikhail Grabovski in Flames zone.
5:18 of 2nd period - Icing by Braydon Coburn.
5:19 of 2nd period - Mikhail Grabovski wins face-off versus Ryan Kesler in Predators zone.
6:14 of 2nd period - Shot by Jeff Carter.
6:14 of 2nd period - Shot Blocked by Dan Boyle.
6:16 of 2nd period - Shot by Nicklas Backstrom.
6:16 of 2nd period - Stopped by Sergei Bobrovsky without a rebound.
6:17 of 2nd period - Mikhail Grabovski wins face-off versus Ryan Kesler in Flames zone.
6:44 of 2nd period - Shot by Paul Gaustad.
6:44 of 2nd period - Stopped by Sergei Bobrovsky with a rebound.
6:48 of 2nd period - Shot by Cody Franson.
6:48 of 2nd period - Shot Blocked by John-Michael Liles.
6:50 of 2nd period - Shot by Wayne Simmonds.
6:50 of 2nd period - Stopped by Sergei Bobrovsky without a rebound.
6:51 of 2nd period - Anze Kopitar wins face-off versus Mikhail Grabovski in Flames zone.
7:27 of 2nd period - Icing by Shea Weber.
7:28 of 2nd period - Mikhail Grabovski wins face-off versus Shawn Horcoff in Predators zone.
7:38 of 2nd period - Icing by David Jones.
7:39 of 2nd period - Paul Gaustad wins face-off versus Shawn Horcoff in Flames zone.
8:05 of 2nd period - Off-side.
8:06 of 2nd period - Nicklas Backstrom wins face-off versus Ryan Kesler in neutral zone.
8:19 of 2nd period - Off-side.
8:20 of 2nd period - Nicklas Backstrom wins face-off versus Anze Kopitar in neutral zone.
8:29 of 2nd period - Shot by Jeff Carter.
8:29 of 2nd period - Stopped by Sergei Bobrovsky without a rebound.
8:30 of 2nd period - Ryan Kesler wins face-off versus Mikhail Grabovski in Flames zone.
9:27 of 2nd period - Brent Burns is hit by Andrew MacDonald.
9:35 of 2nd period - Shot by Dustin Brown.
9:35 of 2nd period - Stopped by Pekka Rinne without a rebound.
9:36 of 2nd period - Paul Gaustad wins face-off versus Shawn Horcoff in Predators zone.
9:58 of 2nd period - Shot by Wayne Simmonds.
9:58 of 2nd period - Shot Blocked by Shawn Horcoff.
10:37 of 2nd period - Minor Penalty to Dustin Brown for Roughing.
10:38 of 2nd period - Nicklas Backstrom wins face-off versus Anze Kopitar in Flames zone.
10:39 of 2nd period - Shot by Jeff Carter.
10:39 of 2nd period - Stopped by Sergei Bobrovsky without a rebound.
10:40 of 2nd period - Ryan Kesler wins face-off versus Nicklas Backstrom in Flames zone.
10:57 of 2nd period - Icing by Patric Hornqvist.
10:58 of 2nd period - Nicklas Backstrom wins face-off versus Ryan Kesler in Predators zone.
11:09 of 2nd period - Shot by Nicklas Backstrom.
11:09 of 2nd period - Stopped by Sergei Bobrovsky without a rebound.
11:10 of 2nd period - Tomas Kopecky wins face-off versus Mikhail Grabovski in Flames zone.
11:19 of 2nd period - Shot by Shea Weber.
11:19 of 2nd period - Shot Misses the Net.
11:21 of 2nd period - Shot by Marian Gaborik.
11:21 of 2nd period - Shot Misses the Net.
11:29 of 2nd period - Shot by Mikhail Grabovski.
11:29 of 2nd period - Stopped by Sergei Bobrovsky without a rebound.
11:30 of 2nd period - Nicklas Backstrom wins face-off versus Ryan Kesler in Flames zone.
11:49 of 2nd period - Shot by Brent Burns.
11:49 of 2nd period - Shot Misses the Net.
11:53 of 2nd period - Shot by Jeff Carter.
11:53 of 2nd period - Shot Blocked by Andrew MacDonald.
11:55 of 2nd period - Shot by Tomas Kaberle.
11:55 of 2nd period - Stopped by Sergei Bobrovsky without a rebound.
11:56 of 2nd period - Mikhail Grabovski wins face-off versus Anze Kopitar in Flames zone.
12:58 of 2nd period - Minor Penalty to Cody Franson for Slashing.
12:59 of 2nd period - Nicklas Backstrom wins face-off versus Anze Kopitar in Predators zone.
12:59 of 2nd period - Nicklas Backstrom is hit by Dustin Brown.
13:28 of 2nd period - Shot by Dan Boyle.
13:28 of 2nd period - Stopped by Pekka Rinne without a rebound.
13:29 of 2nd period - Paul Gaustad wins face-off versus Ryan Kesler in Predators zone.
14:23 of 2nd period - Shot by Nicklas Backstrom.
14:23 of 2nd period - Shot Misses the Net.
15:21 of 2nd period - Shot by Marian Gaborik.
15:21 of 2nd period - Deflect By Mikhail Grabovski.
15:21 of 2nd period - Shot Misses the Net.
15:25 of 2nd period - Shot by Marian Gaborik.
15:25 of 2nd period - Stopped by Sergei Bobrovsky with a rebound.
15:39 of 2nd period - Shot by Paul Gaustad.
15:39 of 2nd period - Shot Misses the Net.
15:44 of 2nd period - Shot by Chris Neil.
15:44 of 2nd period - Stopped by Sergei Bobrovsky without a rebound.
15:45 of 2nd period - Anze Kopitar wins face-off versus Nicklas Backstrom in Flames zone.
15:45 of 2nd period - Anze Kopitar is hit by Patric Hornqvist.
16:01 of 2nd period - Shot by Jeff Carter.
16:01 of 2nd period - Deflect By Nicklas Backstrom.
16:01 of 2nd period - Shot Misses the Net.
17:37 of 2nd period - Max Pacioretty is hit by Niklas Kronwall.
17:47 of 2nd period - Shot by Marian Gaborik.
17:47 of 2nd period - Shot Hit the Post.
18:02 of 2nd period - Mikhail Grabovski is hit by Niklas Kronwall.
18:08 of 2nd period - Mikael Samuelsson is hit by Max Pacioretty.
18:17 of 2nd period - Minor Penalty to Brenden Morrow for Interference.
18:18 of 2nd period - Anze Kopitar wins face-off versus Nicklas Backstrom in Flames zone.
18:36 of 2nd period - Michael Grabner is hit by Nicklas Backstrom and loses puck.
19:50 of 2nd period - Brent Burns is hit by Anze Kopitar and loses puck.

Period #3

0:01 of 3rd period - Mikhail Grabovski wins face-off versus Ryan Kesler in neutral zone.
0:46 of 3rd period - Shot by David Jones.
0:46 of 3rd period - Stopped by Pekka Rinne with a rebound.
0:48 of 3rd period - Shot by Pierre-Marc Bouchard.
0:48 of 3rd period - Deflect By David Jones.
0:48 of 3rd period - Stopped by Pekka Rinne with a rebound.
0:50 of 3rd period - Shot by David Jones.
0:50 of 3rd period - Shot Hit the Post.
0:52 of 3rd period - Shot by John-Michael Liles.
0:52 of 3rd period - Shot Misses the Net.
1:11 of 3rd period - Shea Weber is hit by Dan Boyle and loses puck.
1:20 of 3rd period - Icing by Dan Boyle.
1:21 of 3rd period - Mikhail Grabovski wins face-off versus Mikael Samuelsson in Flames zone.
1:28 of 3rd period - Shot by Brent Burns.
1:28 of 3rd period - Shot Blocked by Ryan Kesler.
1:32 of 3rd period - Shot by Mikhail Grabovski.
1:32 of 3rd period - Stopped by Sergei Bobrovsky without a rebound.
1:33 of 3rd period - Paul Gaustad wins face-off versus Anze Kopitar in Flames zone.
1:50 of 3rd period - Shot by Paul Gaustad.
1:50 of 3rd period - Shot Misses the Net.
2:12 of 3rd period - Shot by Dustin Brown.
2:12 of 3rd period - Deflect By Anze Kopitar.
2:12 of 3rd period - Shot Misses the Net.
2:14 of 3rd period - Shot by Michael Grabner.
2:14 of 3rd period - Shot Misses the Net.
2:18 of 3rd period - Shot by Anze Kopitar.
2:18 of 3rd period - Shot Misses the Net.
2:45 of 3rd period - Niklas Kronwall is hit by Max Pacioretty.
3:41 of 3rd period - Icing by Zbynek Michalek.
3:42 of 3rd period - Mikhail Grabovski wins face-off versus Anze Kopitar in Predators zone.
4:07 of 3rd period - Shot by Anze Kopitar.
4:07 of 3rd period - Stopped by Pekka Rinne with a rebound.
5:34 of 3rd period - Shot by Mikael Samuelsson.
5:34 of 3rd period - Shot Misses the Net.
5:36 of 3rd period - Shot by Mikael Samuelsson.
5:36 of 3rd period - Shot Blocked by Braydon Coburn.
5:40 of 3rd period - Shot by Brenden Morrow.
5:40 of 3rd period - Shot Misses the Net.
6:14 of 3rd period - Cody Franson is hit by Dustin Brown and loses puck.
6:22 of 3rd period - Icing by Cody Franson.
6:23 of 3rd period - Paul Gaustad wins face-off versus Shawn Horcoff in Predators zone.
8:11 of 3rd period - Off-side.
8:12 of 3rd period - Mikhail Grabovski wins face-off versus Anze Kopitar in neutral zone.
8:40 of 3rd period - Shot by Anze Kopitar.
8:40 of 3rd period - Stopped by Pekka Rinne without a rebound.
8:41 of 3rd period - Ryan Kesler wins face-off versus Paul Gaustad in Predators zone.
9:32 of 3rd period - Shot by Jeff Carter.
9:32 of 3rd period - Deflect By Nicklas Backstrom.
9:32 of 3rd period - Stopped by Sergei Bobrovsky with a rebound.
9:34 of 3rd period - Shot by Nicklas Backstrom.
9:34 of 3rd period - Shot Blocked by Mikael Samuelsson.
9:38 of 3rd period - Shot by Jeff Carter.
9:38 of 3rd period - Stopped by Sergei Bobrovsky with a rebound.
9:40 of 3rd period - Shot by Nicklas Backstrom.
9:40 of 3rd period - Stopped by Sergei Bobrovsky with a rebound.
9:42 of 3rd period - Shot by Shea Weber.
9:42 of 3rd period - Shot Hit the Post.
9:46 of 3rd period - Shot by Nicklas Backstrom.
9:46 of 3rd period - Goal by Nicklas Backstrom - Predators : 6 - Flames : 3.
9:47 of 3rd period - Mikhail Grabovski wins face-off versus Anze Kopitar in neutral zone.
9:59 of 3rd period - Off-side.
10:00 of 3rd period - Shawn Horcoff wins face-off versus Mikhail Grabovski in neutral zone.
10:55 of 3rd period - Icing by Dustin Brown.
10:56 of 3rd period - Paul Gaustad wins face-off versus Anze Kopitar in Flames zone.
11:41 of 3rd period - Shot by Brenden Morrow.
11:41 of 3rd period - Shot Misses the Net.
11:43 of 3rd period - Shot by Mikael Samuelsson.
11:43 of 3rd period - Stopped by Pekka Rinne with a rebound.
11:53 of 3rd period - Shot by Ryan Kesler.
11:53 of 3rd period - Stopped by Pekka Rinne with a rebound.
11:55 of 3rd period - Shot by Brenden Morrow.
11:55 of 3rd period - Stopped by Pekka Rinne without a rebound.
11:56 of 3rd period - Mikhail Grabovski wins face-off versus Pierre-Marc Bouchard in Predators zone.
12:01 of 3rd period - Shawn Horcoff is hit by Marian Gaborik and loses puck.
12:43 of 3rd period - Icing by Zbynek Michalek.
12:44 of 3rd period - Mikhail Grabovski wins face-off versus Mikael Samuelsson in Predators zone.
12:44 of 3rd period - Max Pacioretty is hit by Brenden Morrow.
12:45 of 3rd period - Icing by Max Pacioretty.
12:46 of 3rd period - Ryan Kesler wins face-off versus Mikhail Grabovski in Predators zone.
13:42 of 3rd period - Icing by Tomas Kaberle.
13:43 of 3rd period - Nicklas Backstrom wins face-off versus Dustin Brown in Predators zone.
14:05 of 3rd period - Shot by Anze Kopitar.
14:05 of 3rd period - Stopped by Pekka Rinne without a rebound.
14:06 of 3rd period - Paul Gaustad wins face-off versus Shawn Horcoff in Predators zone.
15:19 of 3rd period - Shot by Mikhail Grabovski.
15:19 of 3rd period - Shot Blocked by Andrew MacDonald.
15:23 of 3rd period - Shot by Max Pacioretty.
15:23 of 3rd period - Deflect By Marian Gaborik.
15:23 of 3rd period - Shot Misses the Net.
15:27 of 3rd period - Shot by Mikhail Grabovski.
15:27 of 3rd period - Shot Misses the Net.
15:29 of 3rd period - Shot by Marian Gaborik.
15:29 of 3rd period - Shot Misses the Net.
15:33 of 3rd period - Shot by Mikhail Grabovski.
15:33 of 3rd period - Goal by Mikhail Grabovski - Predators : 7 - Flames : 3.
15:34 of 3rd period - Ryan Kesler wins face-off versus Nicklas Backstrom in neutral zone.
15:44 of 3rd period - Minor Penalty to Brenden Morrow for Holding.
15:45 of 3rd period - Nicklas Backstrom wins face-off versus Tomas Kopecky in Flames zone.
15:50 of 3rd period - Shot by Brent Burns.
15:50 of 3rd period - Shot Blocked by Anze Kopitar.
16:48 of 3rd period - Shot by Shea Weber.
16:48 of 3rd period - Stopped by Sergei Bobrovsky without a rebound.
16:49 of 3rd period - Ryan Kesler wins face-off versus Nicklas Backstrom in Flames zone.
17:13 of 3rd period - Shot by Jeff Carter.
17:13 of 3rd period - Stopped by Sergei Bobrovsky without a rebound.
17:14 of 3rd period - Anze Kopitar wins face-off versus Mikhail Grabovski in Flames zone.
17:29 of 3rd period - Shot by Mikhail Grabovski.
17:29 of 3rd period - Stopped by Sergei Bobrovsky without a rebound.
17:30 of 3rd period - Anze Kopitar wins face-off versus Paul Gaustad in Flames zone.
17:30 of 3rd period - Anze Kopitar is hit by Max Pacioretty.
17:37 of 3rd period - Icing by Marian Gaborik.
17:38 of 3rd period - Paul Gaustad wins face-off versus Anze Kopitar in Predators zone.


Output by the SimonT Hockey Simulator (STHS) for Stephane Roy -- Original Page W3C XHTML 1.0 Valid